 Dungeon Crawl Stone Soup version 0.26.1-2-gb8aa6d0cf2 (webtiles) character file.

Game seed: 497869240906790120

205 H0rd4k the Charlatan (level 6, -1/44 HPs)
             Began as a Human Artificer on Mar 15, 2021.
             Slain by a kobold (4 damage)
             ... on level 3 of the Dungeon.
             The game lasted 00:04:37 (4615 turns).

H0rd4k the Charlatan (Human Artificer)              Turns: 4615, Time: 00:04:37

Health: -1/44      AC:  3    Str: 14    XL:     6   Next: 10%
Magic:  6/6        EV: 12    Int: 12    God:
Gold:   137        SH:  0    Dex: 13    Spells: 5/5 levels left

rFire    . . .     SeeInvis .   j - +3 dagger
rCold    . . .     Faith    .   (no shield)
rNeg     . . .     Spirit   .   b - +0 leather armour
rPois    .         Reflect  .   (no helmet)
rElec    .         Harm     .   (no cloak)
rCorr    .         Rampage  .   (no gloves)
Will     .....                  (no boots)
Stlth    ++........             (no amulet)
HPRegen  0.14/turn              (no ring)
MPRegen  0.10/turn              (no ring)

@: lethally poisoned (-1 -> -2)
A: no striking features
a: no special abilities


You were on level 3 of the Dungeon.
You visited 1 branch of the dungeon, and saw 3 of its levels.

You collected 137 gold pieces.

Inventory:

Hand Weapons
 a - a +0 club
 h - a +0 dagger
 j - a +3 dagger (weapon)
Armour
 b - a +0 leather armour (worn)
Wands
 c - a wand of flame (12) (quivered)
 d - a wand of enslavement (12)
 e - a wand of random effects (19)
Scrolls
 f - a scroll of remove curse {unknown}
 g - a scroll of teleportation {unknown}
 i - a scroll of fog {unknown}
 n - a scroll of fear {unknown}
 o - a scroll of immolation {unknown}
Potions
 k - a potion of attraction {unknown}
 l - a potion of heal wounds {unknown}
 m - 2 potions of berserk rage {unknown}


   Skills:
 + Level 2.0 Fighting
 + Level 2.5 Short Blades
 + Level 3.1 Armour
 + Level 2.4 Dodging
 + Level 1.5 Stealth
 + Level 3.7 Evocations


You had 5 spell levels left.
You didn't know any spells.
Your spell library was empty.

Dungeon Overview and Level Annotations

Branches:
Dungeon (3/15)

Altars:
Okawaru
Trog
Uskayaw
Yredelemnul

Annotations:
D:1 exclusion: downstairs
D:2 1 exclusion


Message History

The frilled lizard hisses angrily.
You hit the kobold.
The kobold is heavily wounded.
The kobold misses you.
You hit the kobold but do no damage.
The kobold is heavily wounded.
The kobold hits you.
* * * LOW HITPOINT WARNING * * *
You barely miss the kobold.
The kobold is heavily wounded.
You feel sick. The kobold barely misses you.
You closely miss the kobold.
The kobold is heavily wounded.
The kobold barely misses you.
You barely miss the kobold.
The kobold is heavily wounded.
The frilled lizard bites you.
* * * LOW HITPOINT WARNING * * *
The kobold hits you.
You die...

#.........#
..........#
........(.#
...$......#
..........#
.o........# #.o#
#####K#####
#...@)....#
#...l.....#
#.........#
###........(#
#...........#
#######...........#
#............_....#
#............8...##
#...........(_....#


You could see an orc, a kobold and a frilled lizard.

Vanquished Creatures
  An orc wizard (D:2)
  Terence (D:2)
  Robin (D:2)
  A gnoll (D:1)
  4 adders
  2 worms (D:2)
  3 dart slugs
  A leopard gecko (D:1)
  7 orcs
  A ball python (D:3)
  5 giant cockroaches
  17 goblins
  8 hobgoblins
  4 jackals (D:1)
  A kobold (D:1)
  A quokka (D:2)
  5 bats
  3 frilled lizards
  8 rats
74 creatures vanquished.

Vanquished Creatures (collateral kills)
  A goblin (D:1)
  A kobold (D:1)
  A rat (D:1)
3 creatures vanquished.

Grand Total: 77 creatures vanquished

Notes
Turn   | Place    | Note
-------+----------+-------------------------------------------
     0 | D:1      | H0rd4k the Human Artificer began the quest for the Orb.
     0 | D:1      | Reached XP level 1. HP: 15/15 MP: 1/1
   365 | D:1      | Reached XP level 2. HP: 12/21 MP: 2/2
  1067 | D:1      | Reached XP level 3. HP: 14/26 MP: 3/3
  2286 | D:2      | Reached XP level 4. HP: 28/32 MP: 4/4
  2334 | D:2      | Noticed Robin
  2566 | D:2      | Reached skill level 1 in Short Blades
  2973 | D:2      | Killed Robin
  3271 | D:2      | Reached XP level 5. HP: 37/37 MP: 5/5
  3281 | D:2      | Noticed Terence
  3290 | D:2      | Killed Terence
  3678 | D:2      | Noticed a moth of wrath
  3681 | D:2      | Found a bloodstained altar of Trog.
  3938 | D:2      | Found an iron altar of Okawaru.
  4413 | D:3      | Found a hide-covered altar of Uskayaw.
  4414 | D:3      | Found a basalt altar of Yredelemnul.
  4438 | D:3      | Reached XP level 6. HP: 35/44 MP: 6/6
  4615 | D:3      | Slain by a kobold

Illustrated notes

Levels and vault maps discovered:
D:1:      lightli_arrival_boilingwater, layout_basic
D:2:      layout_loops_ring, okawaru_metal_pillars_1_2, tgw_trog, uniq_terence,
          uniq_robin
D:3:      layout_basic, chequers_temple_overflow_statue_of_worship

Skill      XL: |  1  2  3  4  5 |
---------------+----------------+-----
Short Blades   | 1 2 |  2.5
Armour         | 3 |  3.1
Dodging        | 2 |  2.4
Fighting       | 2 |  2.0
Stealth        | |  1.5
Evocations     | |  3.7

Action                   |  1- 3 |  4- 6 || total
-------------------------+-------+-------++-------
Melee: Club              |    25 |       ||    25
       Dagger            |   118 |   200 ||   318
Evoke: Wand              |     6 |     3 ||     9
 Stab: Sleeping          |     1 |     1 ||     2
       Paralysed         |       |     3 ||     3
Armor: Leather armour    |    39 |    49 ||    88
Dodge: Dodged            |   101 |   129 ||   230
